 Dungeon Crawl Stone Soup version 0.24-a0-217-g1152973 (webtiles) character file.

Game seed: 15283567095219421098

1071 Mgcat the Cleaver (level 8, -5/62 HPs)
             Began as a Vampire Berserker on Mar 29, 2019.
             Was a Priest of Trog.
             Splashed by a jelly's acid (9 damage)
             ... on level 6 of the Dungeon.
             The game lasted 00:12:14 (6865 turns).

Mgcat the Cleaver (Vampire Berserker)               Turns: 6865, Time: 00:12:15

Health: -5/62      AC:  3    Str: 18    XL:     8   Next: 7%
Magic:  8/8        EV:  9    Int:  9    God:    Trog [***...]
Gold:   255        SH:  3    Dex: 14    Spells: 7/7 levels left

rFire    . . .     SeeInvis +   a - +1 hand axe
rCold    + . .     Gourm    .   b - +0 buckler
rNeg     + + .     Faith    .   r - +0 scale mail
rPois    +         Spirit   .   (no helmet)
rElec    .         Reflect  .   (no cloak)
rCorr    .         Harm     .   (no gloves)
MR       .....                  (no boots)
Stlth    +.........             i - amulet of the acrobat
HPRegen  0.10/turn              j - +1 ring of protection
MPRegen  0.11/turn              (no ring)

@: corroded, berserk cooldown, regenerating slowly, slowed, very slow
A: fangs 3, see invisible, unbreathing
a: Bat Form, Berserk, Trog's Hand, Renounce Religion


You were on level 6 of the Dungeon.
You worshipped Trog.
Trog was most pleased with you.
You were very thirsty.

You visited 1 branch of the dungeon, and saw 6 of its levels.

You collected 255 gold pieces.

Inventory:

Hand Weapons
 a - a +1 hand axe (weapon)
Armour
 b - a +0 buckler (worn)
   (You found it on level 4 of the Dungeon)
 m - the +1 cloak of Follow the Leader {rC- rN++ Slay+5 Stlth+, unknown}
   (You found it on level 5 of the Dungeon)

   It affects your accuracy and damage with ranged weapons and melee attacks
   (+5).
   It makes you vulnerable to cold.
   It greatly protects you from negative energy.
   It makes you more stealthy.
 p - a +2 buckler
   (You found it on level 5 of the Dungeon)
 r - a +0 scale mail (worn)
   (You took it off an orc on level 3 of the Dungeon)
Jewellery
 i - an amulet of the acrobat (around neck)
   (You found it on level 2 of the Dungeon)
 j - a +1 ring of protection (left hand)
   (You took it off a kobold on level 2 of the Dungeon)
Scrolls
 f - a scroll of remove curse
 s - a scroll of magic mapping {!r}
Potions
 c - a potion of blood {@q1}
 d - a potion of resistance {unknown}
 e - a potion of heal wounds {unknown}
 g - 4 potions of curing
 h - 3 potions of berserk rage {unknown}
 k - 2 potions of mutation {unknown}
 l - a potion of lignification {unknown}
 n - 2 potions of cancellation {unknown}
 o - a potion of agility
 q - a potion of degeneration {unknown}


   Skills:
 - Level 5.0 Fighting
 + Level 8.0 Axes
 - Level 1.5 Armour
 - Level 2.1 Dodging


You had 7 spell levels left.
You didn't know any spells.
Your spell library was empty.

Dungeon Overview and Level Annotations

Branches:
Dungeon (6/15)             Temple (0/1) D:4

Altars:
Ashenzari
Cheibriados
Elyvilon
Kikubaaqudgha
Makhleb
Okawaru
Ru
Sif Muna
Zin


Innate Abilities, Weirdness & Mutations

You heal slowly.
You have razor-sharp teeth.
You have supernaturally acute eyesight. (SInv)
You can survive without breathing.


Message History

You take 7 damage, and have 38/56 hp.
Warning x3: The centaur is fast and can hit for moderate damage at range! x2
The worker ant is fast and can poison!
You are too injured to fight recklessly!
Warning x3: The centaur is fast and can hit for moderate damage at range! x2
The worker ant is fast and can poison!
You are too injured to fight recklessly!
Warning x3: The centaur is fast and can hit for moderate damage at range! x2
The worker ant is fast and can poison!
You are too injured to fight recklessly!
Warning x3: The centaur is fast and can hit for moderate damage at range! x2
The worker ant is fast and can poison!
You are too injured to fight recklessly!
Warning x3: The centaur is fast and can hit for moderate damage at range! x2
The worker ant is fast and can poison!
You slash the centaur!
The centaur is heavily wounded.
The centaur hits you. x2
You take 10 damage, and have 28/56 hp.
Warning x3: The centaur is fast and can hit for moderate damage at range! x2
The worker ant is fast and can poison!
A red film seems to cover your vision as you go berserk!
You feel yourself moving faster!
You feel mighty!
You are feeling very thirsty.
The centaur closely misses you.
You now have 43/84 hp.
You closely miss the centaur.
The centaur is heavily wounded.
The centaur closely misses you.
Warning x2: The centaur is fast and can hit for moderate damage at range! x2
You hit the centaur.
The centaur is severely wounded.
You block the centaur's attack.
You barely miss the centaur.
The centaur is severely wounded.
The centaur hits you but does no damage.
Warning x2: The centaur is fast and can hit for moderate damage at range! x2
You hit the centaur.
You kill the centaur!
Trog accepts your kill.
The centaur shoots an arrow.
The arrow hits you!
You take 8 damage, and have 35/84 hp.
You closely miss the worker ant.
Spoiler Alert: The centaur is fast and can hit for moderate damage at range!
You hit the worker ant.
The worker ant is lightly wounded.
The worker ant bites you but does no damage.
You slice the worker ant!!
You kill the worker ant!
Trog accepts your kill.
The centaur shoots an arrow.
The arrow hits you but does no damage.
The crimson imp drinks a potion.
The crimson imp seems to grow stronger.
Spoiler Alert: The centaur is fast and can hit for moderate damage at range!
The centaur unwields a +0 shortbow.
The centaur barely misses you.
Things that are here:
a +0 shortbow; 18 arrows; a centaur corpse Warning x2: The centaur is fast and can hit for moderate damage at range!
The jelly can corrode equipment in melee!
You slash the centaur!
The centaur is severely wounded.
You hit the crimson imp but do no damage.
The crimson imp barely misses you.
The centaur zaps a wand.
The bolt of acid hits you!!
* * * LOW HITPOINT WARNING * * *
You are splashed with acid.
* * * LOW HITPOINT WARNING * * *
You slash the centaur!
You kill the centaur!
Trog accepts your kill.
You have reached level 8!
You completely miss the crimson imp. The crimson imp closely misses you.
You take 24 damage, and have 12/93 hp.
MASSIVE DAMAGE!!
MP restored: 8 Spoiler Alert: The jelly can corrode equipment in melee!
Unknown command.
Unknown command.
You slash the crimson imp!
The crimson imp is severely wounded.
You closely miss the crimson imp. Your bite misses the crimson imp.
The crimson imp is severely wounded.
The crimson imp hits you.
* * * LOW HITPOINT WARNING * * *
You take 2 damage, and have 10/93 hp.
Spoiler Alert: The jelly can corrode equipment in melee!
You barely miss the crimson imp. You bite the crimson imp.
You kill the crimson imp!
Trog accepts your kill.
Your Axes skill increases to level 8!
You are no longer berserk.
You are exhausted.
You feel yourself slow down. The jelly misses you.
Items here: ! $ (( ? 19 stones; a potion of might; a scroll of remove curse; 32 gold pieces an arrow You now have 7/62 hp.
Spoiler Alert: The jelly can corrode equipment in melee!
Unknown command.
Unknown command.
You slash the jelly! The acid corrodes you!
Your hands burn!
* * * LOW HITPOINT WARNING * * *
You bite the jelly, but do no damage.
The jelly is heavily wounded.
The jelly hits you but does no damage. The jelly hits you.
* * * LOW HITPOINT WARNING * * *
You are splashed with acid!
You die...

............>......
#.###+#####........
#.##.....##'#######
#.##.....#.....#
#.##.......†...#
#(##.......÷...#
#(##...........# .l........#
#)##...........# ...lc.....#
#)@J...........#
.......a..########(....#.....#
............a................#
.........########(....#.....#
J.( ...########J....#......
#.###.#c..J........# ..
#.(...((........####
#.#...............#
#.................#


You could see a jelly.

Vanquished Creatures
  A sky beast (D:6)
  An ice beast (D:4)
  2 centaurs (D:6)
  A bullfrog (D:6)
  A scorpion (D:5)
  3 crimson imps
  A hound (D:5)
  2 jellies (D:6)
  2 orc wizards (D:5)
  3 worker ants
  A killer bee zombie (D:5)
  A hound skeleton (D:4)
  8 gnolls
  9 adders
  2 adder skeletons
  3 worms
  5 leopard geckos
  4 orcs
  2 bat zombies (D:3)
  5 giant cockroaches
  2 goblins (D:2)
  5 hobgoblins
  11 jackals
  5 kobolds
  2 quokkas
  11 bats
  4 frilled lizards
  A leopard gecko skeleton (D:5)
  11 rats
  A rat zombie (D:3)
110 creatures vanquished.

Notes
Turn   | Place    | Note
-------+----------+-------------------------------------------
     0 | D:1      | Mgcat the Vampire Berserker began the quest for the Orb.
     0 | D:1      | Reached XP level 1. HP: 17/17 MP: 1/1
   389 | D:1      | Reached skill level 3 in Fighting
   389 | D:1      | Reached skill level 3 in Axes
   389 | D:1      | Reached XP level 2. HP: 14/24 MP: 2/2
  1031 | D:2      | Reached XP level 3. HP: 26/29 MP: 3/3
  1752 | D:2      | HP: 6/29 [gnoll/+0 spear (2)]
  1753 | D:2      | HP: 2/29 [gnoll/+0 spear (4)]
  1756 | D:2      | Reached XP level 4. HP: 3/37 MP: 4/4
  2370 | D:2      | Reached ** piety under Trog
  2476 | D:2      | Reached skill level 4 in Fighting
  2476 | D:2      | Reached skill level 4 in Axes
  2682 | D:2      | Found a sacrificial altar of Ru.
  2970 | D:3      | Reached XP level 5. HP: 40/42 MP: 5/5
  3028 | D:3      | Found an ancient bone altar of Kikubaaqudgha.
  3187 | D:3      | Found a shattered altar of Ashenzari.
  3921 | D:4      | Found a staircase to the Ecumenical Temple.
  3947 | D:4      | Found an iron altar of Okawaru.
  4742 | D:5      | Entered Level 5 of the Dungeon
  4760 | D:5      | Noticed an ice beast
  4776 | D:5      | Reached XP level 6. HP: 42/49 MP: 6/6
  4960 | D:4      | Killed an ice beast
  4960 | D:4      | Reached skill level 5 in Fighting
  4960 | D:4      | Reached skill level 5 in Axes
  5108 | D:5      | Found a white marble altar of Elyvilon.
  5282 | D:5      | Reached *** piety under Trog
  5288 | D:5      | Reached XP level 7. HP: 54/56 MP: 7/7
  5561 | D:5      | Reached skill level 6 in Axes
  6012 | D:5      | Got a warped cloak
  6140 | D:5      | Found a deep blue altar of Sif Muna.
  6143 | D:5      | Found a snail-covered altar of Cheibriados.
  6251 | D:5      | Found a burning altar of Makhleb.
  6253 | D:5      | Noticed an Executioner
  6255 | D:5      | Found a glowing silver altar of Zin.
  6255 | D:5      | Noticed an angel
  6603 | D:6      | Reached skill level 7 in Axes
  6859 | D:6      | HP: 17/84 [centaur/wand of acid (12) (19)]
  6860 | D:6      | Reached XP level 8. HP: 12/62 MP: 8/8
  6863 | D:6      | Reached skill level 8 in Axes
  6865 | D:6      | HP: 5/62 [acid (2)]
  6865 | D:6      | Splashed by a jelly's acid

Levels and vault maps discovered:
D:1:      lordsloth_arrival_two_stooges, layout_basic, minivault_26,
          supply_closet_lemuel, grunt_decor_arrowhead, minivault_14
D:2:      layout_basic, nicolae_ru_sacrificial_ziggurat
D:3:      layout_basic, lemuel_zombie_altar_kikubaaqudgha,
          evilmike_ruin_ashenzari, first_ration
D:4:      layout_cave_pods, okawaru_gym_becter, minmay_temple_entry_mist
D:5:      layout_cave_pods, grunt_temple_overflow_order_and_chaos_2,
          elyvilon_altar_5, minitemple, hangedman_decor_lopped
D:6:      layout_basic, uniq_sigmund

Skill      XL: |  1  2  3  4  5  6  7  8 |
---------------+-------------------------+-----
Fighting       | 3 4 5 |  5.0
Axes           | 3 4 5 7 8 |  8.0
Armour         | |  1.5
Dodging        | |  2.1

Action                   |  1- 3 |  4- 6 |  7- 9 || total
-------------------------+-------+-------+-------++-------
Melee: Hand axe          |    93 |   201 |   139 ||   433
       Bite              |    12 |    29 |    16 ||    57
Invok: Berserk           |       |     8 |     3 ||    11
  Use: Potion            |     4 |    15 |     6 ||    25
       Scroll            |       |     6 |     2 ||     8
 Stab: Sleeping          |       |     1 |       ||     1
  Eat: Corpse            |       |     1 |       ||     1
Armor: Animal skin       |     4 |       |       ||     4
       Leather armour    |    12 |    34 |       ||    46
       Scale mail        |       |    24 |    53 ||    77
Dodge: Dodged            |    62 |   159 |    54 ||   275
Block: Buckler           |       |     8 |    26 ||    34

Table legend:
 A = Non-vault XP
 B = Vault XP
 C = Vault XP percentage of total XP
 D = Non-vault monster count
 E = Vault monster count
 F = Vault count percentage of total count
                 A         B        C        D         E       F
            +---------+---------+-------+---------+---------+-------
      Total |    1525 |       5 |   0.3 |     107 |       3 |   2.7
            +---------+---------+-------+---------+---------+-------
        D:1 |      48 |       0 |   0.0 |      13 |       0 |   0.0
        D:2 |     132 |       0 |   0.0 |      36 |       0 |   0.0
        D:3 |     105 |       5 |   4.5 |      24 |       3 |  11.1
        D:4 |     199 |       0 |   0.0 |       5 |       0 |   0.0
        D:5 |     371 |       0 |   0.0 |      18 |       0 |   0.0
        D:6 |     670 |       0 |   0.0 |      11 |       0 |   0.0
            +---------+---------+-------+---------+---------+-------

Levels and vault maps discovered:
D:1:      lordsloth_arrival_two_stooges, layout_basic, minivault_26,
          supply_closet_lemuel, grunt_decor_arrowhead, minivault_14
D:2:      layout_basic, nicolae_ru_sacrificial_ziggurat
D:3:      layout_basic, lemuel_zombie_altar_kikubaaqudgha,
          evilmike_ruin_ashenzari, first_ration
D:4:      layout_cave_pods, okawaru_gym_becter, minmay_temple_entry_mist
D:5:      layout_cave_pods, grunt_temple_overflow_order_and_chaos_2,
          elyvilon_altar_5, minitemple, hangedman_decor_lopped
D:6:      layout_basic, uniq_sigmund

Table legend:
 A = Turns spent in this place as a percentage of turns spent in the entire game.
 B = Non-inter-level travel turns spent in this place as a percentage of non-inter-level travel turns spent in the entire game.
 C = Inter-level travel turns spent in this place as a percentage of turns spent in this place.
 D = Turns resting spent in this place as a percentage of non-inter-level travel turns spent in this place.
 E = Turns spent auto-exploring this place as a percentage of non-inter-level travel turns spent in this place.
 F = Non-inter-level travel turns spent in this place divided by the number of levels of this place that you've seen.
                   A       B       C       D       E      F
               +-------+-------+-------+-------+-------+----------------------
         Total | 100.0 | 100.0 |   4.1 |  38.1 |  46.1 | 1097.2
       Dungeon | 100.0 | 100.0 |   4.1 |  38.1 |  46.1 | 1097.2
               +-------+-------+-------+-------+-------+----------------------

Table legend:
 A = Kills in this place as a percentage of kills in entire the game.
 B = Kills by you in this place as a percentage of kills by you in the entire game.
 C = Kills by friends in this place as a percentage of kills by friends in the entire game.
 D = Other kills in this place as a percentage of other kills in the entire game.
 E = Experience gained in this place as a percentage of experience gained in the entire game.
 F = Experience gained in this place divided by the number of levels of this place that you have seen.
                   A       B       C       D       E      F
               +-------+-------+-------+-------+-------+----------------------
         Total | 100.0 | 100.0 |   N/A |   N/A | 100.0 | 255.0
       Dungeon | 100.0 | 100.0 |   N/A |   N/A | 100.0 | 255.0
               +-------+-------+-------+-------+-------+----------------------
